 Dungeon Crawl Stone Soup version 0.28-a0-863-g8cecda6153 (webtiles) character file.

Game seed: 10263503627330037914

14 ytrimaz the Skirmisher (level 2, 24/24 HPs)
             Began as a Demonspawn Fighter on Nov 16, 2021.
             Quit the game on level 1 of the Dungeon.
             The game lasted 00:00:48 (206 turns).

ytrimaz the Skirmisher (Demonspawn Fighter)          Turns: 206, Time: 00:00:49

Health: 24/24      AC:  6    Str: 16    XL:     2   Next: 27%
Magic:  2/2        EV:  9    Int: 11    God:
Gold:   18         SH:  4    Dex: 12    Spells: 1/1 levels left

rFire   . . .      SeeInvis .   a - +0 war axe
rCold   . . .      Faith    .   c - +0 buckler
rNeg    . . .      Spirit   .   b - +0 scale mail
rPois   .          Reflect  .   (no helmet)
rElec   .          Harm     .   (no cloak)
rCorr   .          Rampage  .   (no gloves)
Will    .....                   (no boots)
Stlth   ..........              (no amulet)
HPRegen 0.08/turn               (no ring)
MPRegen 0.08/turn               (no ring)

@: no status effects
A: big brain 1
a: no special abilities


You were on level 1 of the Dungeon.
You visited 1 branch of the dungeon, and saw 1 of its levels.

You collected 18 gold pieces.

Inventory:

Hand Weapons
 a - a +0 war axe (weapon)
Armour
 b - a +0 scale mail (worn)
 c - a +0 buckler (worn)
Potions
 d - a potion of might


   Skills:
 + Level 3.1 Fighting
 * Level 2.1 Axes
 + Level 2.8 Armour
 + Level 2.9 Shields


You had one spell level left.
You didn't know any spells.
Your spell library contained the following spells:

 Spells                   Type           Power      Damage    Failure   Level
 Call Canine Familiar     Summ           0%         N/A       99%         3
 Portal Projectile        Hex/Tloc       0%         N/A       99%         3
 Leda's Liquefaction      Hex/Erth       0%         N/A       100%        4


Dungeon Overview and Level Annotations

Branches:
Dungeon (1/15)

Altars:


Innate Abilities, Weirdness & Mutations

You have an unusually large brain. (Int +2)


Message History

An endoplasm is nearby!
An endoplasm is nearby!
An endoplasm is nearby!
The endoplasm hits you.
You slash the endoplasm!
You kill the endoplasm!
No target in view!
No target in view!
No target in view!
No target in view!
Found 19 stones.
You now have 18 gold pieces (gained 8).
Found a stone staircase leading down.
No target in view!
A goblin comes into view. It is wielding a +0 club.
The goblin shouts!
You hear a shout!
A goblin is nearby!
A goblin is nearby!
A gnoll comes into view. It is wielding a +0 spear.
The gnoll shouts!
The goblin hits you but does no damage.
You slash the goblin!
You kill the goblin!
You see here a +0 club.
The gnoll barely misses you.
Found a short sword.
You block the gnoll's attack.
You slash the gnoll!
The gnoll is almost dead.
You block the gnoll's attack. The gnoll hits you with a +0 spear.
You slash the gnoll!
You kill the gnoll!
Your Axes skill increases to level 2!
You have reached level 2!
Your demonic ancestry asserts itself...
Your brain expands.
You see here a +0 short sword.
Found a ring mail.
A bat comes into view.
A bat is nearby!
Are you sure you want to abandon this character and quit the game? (Confirm with "yes".)

.....#.....).#
... #.......#
####...##
#.#..# #.#..#
#.#..# #.#..##
#...# #..@#
#.#.# #.#..
#.#..# #.#b.#
#.#... #.##[..
...


You could see a bat.

Vanquished Creatures
  A gnoll (D:1)
  An endoplasm (D:1)
  A goblin (D:1)
  A bat (D:1)
  A rat (D:1)
5 creatures vanquished.

Notes
Turn   | Place    | Note
-------+----------+-------------------------------------------
     0 | D:1      | ytrimaz the Demonspawn Fighter began the quest for the Orb.
     0 | D:1      | Reached XP level 1. HP: 18/18 MP: 1/1
   168 | D:1      | Gained mutation: You have an unusually large brain. (Int
                  | +2) [demonic ancestry]
   168 | D:1      | Reached XP level 2. HP: 22/24 MP: 2/2
   206 | D:1      | Quit the game

Illustrated notes

Levels and vault maps discovered:
D:1:      dpeg_arrival_ratfight, layout_basic, st_stairs_12

Skill      XL: |  1 |
---------------+----+-----
Axes           | 2 |  2.1
Fighting       | |  3.1
Armour         | |  2.8
Shields        | |  2.9

Action                   || total
-------------------------++-------
Melee: War axe           ||    25
Armor: Scale mail        ||    23
Dodge: Dodged            ||    10
Block: Buckler           ||    15

Table legend: (Time is in decaauts)
 A = Elapsed time spent in this place.
 B = Non-inter-level travel time spent in this place.
 C = Inter-level travel time spent in this place.
 D = Time resting spent in this place.
 E = Time spent auto-exploring this place.
 F = Levels seen in this place.
 G = Mean time per level.
                   A        B        C        D        E       F      G
               +--------+--------+--------+--------+--------+-----+--------+
         Total |    217 |    217 |      0 |      0 |    154 |   1 |  217.0 |
       Dungeon |    217 |    217 |      0 |      0 |    154 |   1 |  217.0 |
               +--------+--------+--------+--------+--------+-----+--------+

Top non-repeatable levels by time:
     D:1: 217 daAuts
